 Dungeon Crawl Stone Soup version 0.19-a0-1007-g133f65f (webtiles) character file.

1056 Implojin the Grappler (level 8, -1/74 HPs)
             Began as a Troll Fighter on July 19, 2016.
             Was an Initiate of Ru.
             Slain by an orc warrior
             ... wielding a +0 hand axe
              (16 damage)
             ... on level 6 of the Dungeon.
             The game lasted 00:06:36 (1092 turns).

Implojin the Grappler (Troll Fighter)               Turns: 1092, Time: 00:06:36

Health: -1/74      AC:  6    Str: 25    XL:     8   Next: 6%
Magic:  7/7        EV:  8    Int:  4    God:    Ru [......]
Gold:   54         SH:  9    Dex: 11    Spells: 0 memorised, 7 levels left

rFire  . . .     SeeInvis .       - Unarmed
rCold  . . .     Gourm    +     a - +0 robe
rNeg   . . .     Faith    .     b - +0 shield
rPois  .         Spirit   .     (helmet restricted)
rElec  .         Dismiss  .     k - +0 cloak
rCorr  .         Reflect  .     (gloves unavailable)
SustAt .         Harm     .     (boots unavailable)
MR     .....                    (no amulet)
Stlth  +.........               (no ring)
                                (no ring)

@: not resistant to hostile enchantments, very unstealthy
A: unfitting armour, claws 3, fast metabolism 3, gourmand, regeneration 2,
shaggy fur 1, tough skin 2
a: Renounce Religion


You were on level 6 of the Dungeon.
You worshipped Ru.
Ru was noncommittal.
You were very full.

You visited 1 branch of the dungeon, and saw 7 of its levels.

You collected 54 gold pieces.

Inventory:

Hand Weapons
 c - a +2 mace
Armour
 a - a +0 robe (worn)
 b - a +0 shield (worn)
 k - a +0 cloak (worn)
Magical Staves
 o - an uncursed staff of death {unknown}
Wands
 l - a wand of flame (13/48)
 q - a wand of iceblast (8/15)
Scrolls
 g - 4 scrolls of magic mapping {unknown}
 h - a scroll of immolation {unknown}
 j - a scroll of enchant armour
 p - a scroll of silence {unknown}
Potions
 e - a potion of might
 m - a potion of magic
 n - 2 potions of flight
Comestibles
 d - 5 bread rations
 f - a royal jelly
 i - a meat ration
 r - 3 chunks of flesh


   Skills:
 - Level 2.4 Fighting
 - Level 2.4 Dodging
 - Level 2.4 Shields
 * Level 9.6 Unarmed Combat


You had 7 spell levels left.
You didn't know any spells.

Dungeon Overview and Level Annotations

Branches:
Dungeon (7/15)
 Temple: D:4-7

Altars:
Cheibriados
Fedhas
Gozag
Kikubaaqudgha
Ru
Sif Muna

Shops:
D:4 *=*

Annotations:
D:4 Menkaure
D:7 Dowan, Duvessa


Innate Abilities, Weirdness & Mutations

You are too large for most types of armour.
You have claws for hands.
Your metabolism is lightning-fast.
You like to eat raw meat.
You heal very quickly.
You are covered in fur. (AC +1)
You have very tough skin. (AC +2)


Message History

Dowan blinks!
You climb upwards.
There is a stone staircase leading down here.
Unknown command.
Unknown command.
You mangle the orc priest!!
You kill the orc priest!
The orc hits you with a whip.
You closely miss the orc warrior.
The orc warrior hits you with a hand axe.
The orc misses you.
Your shield prevents you from hitting the orc warrior.
The orc warrior closely misses you.
You claw the orc!
You kill the orc!
The orc warrior hits you with a hand axe!!
* * * LOW HITPOINT WARNING * * *
You scratch the orc warrior.
The orc warrior is lightly wounded.
The orc warrior hits you with a hand axe!
* * * LOW HITPOINT WARNING * * *
Unknown command.
You claw the orc warrior!
The orc warrior is severely wounded.
The orc warrior hits you with a hand axe!
* * * LOW HITPOINT WARNING * * *
Unknown command.
You scratch the orc warrior.
The orc warrior is severely wounded.
You block the orc warrior's attack.
You completely miss the orc warrior.
The orc warrior is severely wounded.
Your shield prevents you from hitting the orc warrior.
The orc warrior is severely wounded.
The orc warrior hits you but does no damage.
Okay, then.
You scratch the orc warrior.
The orc warrior is severely wounded.
The orc warrior hits you with a hand axe!
You die...

#.#.## #.#.#
##....##########.#.###..
........................
......###.######.#.##..
#..#.## #.# #.#.#
#..#.####.# #.#.###..
..........# #........
###..###### #)#...... #
#..# #@####### ###.##
#..o†# ....# #.....
##### ......## ..#
##..##.# ..##.# ##. #.#
.....$ . #.# #####. ##
#.# ## #


You could see an orc warrior.

Vanquished Creatures
  Edmund (D:6)
  2 ogres
  2 centaurs (D:6)
  3 wights
  A crimson imp (D:5)
  2 orc priests
  2 jellies (D:5)
  2 hounds
  3 orc wizards
  An iguana (D:5)
  A worker ant (D:5)
  4 gnolls
  4 adders
  A shadow imp (D:6)
  An ooze (D:2)
  2 giant geckos
  15 orcs
  A ball python (D:4)
  A giant cockroach (D:4)
  A goblin (D:1)
  A hobgoblin (D:3)
  6 jackals
  2 quokkas
  2 rats
61 creatures vanquished.

Notes
Turn   | Place    | Note
-------+----------+-------------------------------------------
     0 | D:1      | Implojin the Troll Fighter began the quest for the Orb.
     0 | D:1      | Reached XP level 1. HP: 22/22 MP: 0/0
   100 | D:3      | Reached XP level 2. HP: 29/29 MP: 1/1
   215 | D:3      | Reached skill level 3 in Unarmed Combat
   223 | D:3      | Reached XP level 3. HP: 19/36 MP: 2/2
   230 | D:3      | Reached skill level 4 in Unarmed Combat
   305 | D:4      | Found Sudy's Assorted Antiques.
   340 | D:4      | Reached XP level 4. HP: 44/44 MP: 3/3
   354 | D:4      | Reached skill level 5 in Unarmed Combat
   408 | D:4      | Reached XP level 5. HP: 48/50 MP: 4/4
   411 | D:4      | Noticed Menkaure
   432 | D:5      | Entered Level 5 of the Dungeon
   458 | D:4      | Found Witauly's Assorted Antiques.
   459 | D:4      | Found Ker Ehow's Jewellery Shoppe.
   586 | D:5      | Found an ancient bone altar of Kikubaaqudgha.
   588 | D:5      | Found a sacrificial altar of Ru.
   592 | D:5      | Found a snail-covered altar of Cheibriados.
   593 | D:5      | Found a blossoming altar of Fedhas.
   597 | D:5      | Found a deep blue altar of Sif Muna.
   609 | D:5      | Became a worshipper of Ru the Awakened
   613 | D:5      | Reached skill level 6 in Unarmed Combat
   739 | D:6      | Noticed an ogre
   747 | D:6      | Noticed Edmund
   750 | D:6      | Found an opulent altar of Gozag.
   752 | D:6      | Killed an ogre
   752 | D:6      | Reached XP level 6. HP: 33/59 MP: 5/5
   801 | D:5      | Reached skill level 7 in Unarmed Combat
   883 | D:5      | Reached XP level 7. HP: 48/66 MP: 6/6
   890 | D:5      | Reached skill level 8 in Unarmed Combat
   958 | D:6      | Reached skill level 9 in Unarmed Combat
   982 | D:6      | Killed Edmund
  1071 | D:7      | Noticed Duvessa
  1071 | D:7      | Noticed Dowan
  1076 | D:6      | Reached XP level 8. HP: 66/74 MP: 7/7
  1092 | D:6      | Slain by an orc warrior

Vault maps used:
D:1:      minmay_arrival_loop, minmay_distorted
D:2:      lemuel_crystal_altar, minmay_split_cup_large, uniq_sigmund
D:4:      serial_shops, shop_fountains, shop, nicolae_shop_window_shopping,
          kennysheep_little_box, nicolae_shop_competitors_out_of_business,
          uniq_blork_the_orc, uniq_menkaure
D:5:      lemuel_round_altar, minitemple, first_bread
D:6:      nicolae_gozag_cash_rules_everything_around_me, serial_shops,
          kennysheep_mini, roderic_nine_men_s_morris, uniq_edmund
D:7:      tso_oasis_becter, serial_shops, shop, uniq_duvessa

Skill      XL: |  1  2  3  4  5  6  7 |
---------------+----------------------+-----
Unarmed Combat | 3 4 5 6 7 9 |  9.6
Fighting       | |  2.4
Dodging        | |  2.4
Shields        | |  2.4

Action                   |  1- 3 |  4- 6 |  7- 9 || total
-------------------------+-------+-------+-------++-------
Melee: Unarmed           |    73 |    76 |    44 ||   193
  Use: Scroll            |       |     4 |       ||     4
       Potion            |       |     1 |     1 ||     2
  Eat: Chunk             |     7 |     3 |     5 ||    15
Armor: Robe              |    16 |    21 |     5 ||    42
Dodge: Dodged            |    27 |    27 |     8 ||    62
Block: Shield            |    30 |    36 |    13 ||    79

Table legend:
 A = Turns spent in this place as a percentage of turns spent in the entire game.
 B = Non-inter-level travel turns spent in this place as a percentage of non-inter-level travel turns spent in the entire game.
 C = Inter-level travel turns spent in this place as a percentage of turns spent in this place.
 D = Turns resting spent in this place as a percentage of non-inter-level travel turns spent in this place.
 E = Turns spent auto-exploring this place as a percentage of non-inter-level travel turns spent in this place.
 F = Non-inter-level travel turns spent in this place divided by the number of levels of this place that you've seen.
                   A       B       C       D       E      F
               +-------+-------+-------+-------+-------+----------------------
         Total | 100.0 | 100.0 |   0.0 |   0.0 |   0.0 | 157.9
       Dungeon | 100.0 | 100.0 |   0.0 |   0.0 |   0.0 | 157.9
               +-------+-------+-------+-------+-------+----------------------

Table legend:
 A = Kills in this place as a percentage of kills in entire the game.
 B = Kills by you in this place as a percentage of kills by you in the entire game.
 C = Kills by friends in this place as a percentage of kills by friends in the entire game.
 D = Other kills in this place as a percentage of other kills in the entire game.
 E = Experience gained in this place as a percentage of experience gained in the entire game.
 F = Experience gained in this place divided by the number of levels of this place that you have seen.
                   A       B       C       D       E      F
               +-------+-------+-------+-------+-------+----------------------
         Total | 100.0 | 100.0 |  -nan |  -nan | 100.0 | 215.6
       Dungeon | 100.0 | 100.0 |  -nan |  -nan | 100.0 | 215.6
               +-------+-------+-------+-------+-------+----------------------
